 Dungeon Crawl Stone Soup version 0.22-a0-515-g75794bf (webtiles) character file.

205 kae the Firebug (level 5, -1/30 HPs)
             Began as a Tengu Fire Elementalist on June 19, 2018.
             Killed from afar by Sigmund (9 damage)
             ... with a puff of flame
             ... on level 2 of the Dungeon.
             The game lasted 00:04:08 (3070 turns).

kae the Firebug (Tengu Fire Elementalist)           Turns: 3070, Time: 00:04:09

Health: -1/30      AC:  3    Str:  9    XL:     5   Next: 83%
Magic:  8/10       EV: 12    Int: 16    God:
Gold:   118        SH:  0    Dex: 14    Spells: 3/9 levels left

rFire    . . .     SeeInvis .   f - +0 spear
rCold    . . .     Gourm    .   (no shield)
rNeg     . . .     Faith    .   a - +0 robe
rPois    .         Spirit   .   (helmet restricted)
rElec    .         Reflect  .   (no cloak)
rCorr    .         Harm     .   m - +0 pair of gloves
MR       +....                  (boots unavailable)
Stlth    ++........             (no amulet)
HPRegen  0.10/turn              k - ring of protection from magic
MPRegen  0.12/turn              (no ring)

@: no status effects
A: beak, talons 3, able to fly 1
a: Fly


You were on level 2 of the Dungeon.
You were not hungry.

You visited 1 branch of the dungeon, and saw 3 of its levels.

You collected 118 gold pieces.

Inventory:

Hand Weapons
 f - a +0 spear (weapon)
Armour
 a - a +0 robe (worn)
 m - a +0 pair of gloves (worn)
 r - a +0 buckler
Jewellery
 d - a cursed ring of loudness {unknown}
 k - a ring of protection from magic (left hand)
Scrolls
 e - a scroll of magic mapping {unknown}
 h - a scroll of blinking
Potions
 b - a potion of degeneration
 g - a potion of flight
 i - a potion of heal wounds {unknown}
 j - a potion of lignification {unknown}
 l - a potion of mutation {unknown}
 n - a potion of invisibility {unknown}
 o - a potion of curing {unknown}
 q - 2 potions of brilliance {unknown}
Comestibles
 c - a ration
 p - 2 chunks of flesh


   Skills:
 + Level 1.7 Fighting
 - Level 2.1 Dodging
 - Level 2.0 Stealth
 + Level 1.0 Shields
 + Level 2.6 Spellcasting
 * Level 4.2 Conjurations
 * Level 4.8 Fire Magic


You had 3 spell levels left.
You knew the following spells:

 Your Spells              Type           Power        Failure   Level  Hunger
a - Flame Tongue          Conj/Fire      ###..        3%          1    #......
b - Throw Flame           Conj/Fire      ###...       4%          2    ##.....
c - Conjure Flame         Conj/Fire      ###.....     9%          3    ###....

Your spell library contained the following spells:

 Spells                   Type           Power        Failure   Level  Hunger
 Fireball                 Conj/Fire      ###.......   63%         5    ######.
 Sticky Flame             Conj/Fire      ###.....     30%         4    #####..
 Inner Flame              Hex/Fire       #.......     22%         3    ###....


Dungeon Overview and Level Annotations

Branches:
Dungeon (3/15)

Altars:

Annotations:
D:2 Sigmund


Innate Abilities, Weirdness & Mutations

You have a beak for a mouth.
You have claws for feet.
You can fly.


Message History

You hit the adder.
You kill the adder!
You feel sick.
You see here an adder corpse.
You start resting.
You feel sick. x4
You are no longer poisoned.
You butcher the adder corpse.
p - 2 chunks of flesh You start resting.
Sigmund is too close now for your liking.
Sigmund shouts!
Okay, then.
Sigmund gestures wildly while chanting.
Sigmund flickers and vanishes!
Deactivating autopickup; reactivate with Ctrl-A.
Found a glowing helmet.
A puff of flame appears from out of thin air!
The puff of flame hits you!
You die...

################
#..............#
#.############@#
#.# #.# #.# #.#
#.# #.# #@# #[#
#.# #.# #># #..
#.# ### ###.####


There were no monsters in sight!

Vanquished Creatures
  An orc priest (D:3)
  A bullfrog skeleton (D:3)
  3 gnolls (D:2)
  4 adders
  A worm (D:2)
  2 dart slugs (D:1)
  2 leopard geckos (D:2)
  2 orcs (D:3)
  2 ball pythons (D:1)
  10 bats
  2 giant cockroaches
  3 goblins
  11 hobgoblins
  5 jackals (D:2)
  9 kobolds
  A quokka (D:3)
  3 frilled lizards
  8 rats
70 creatures vanquished.

Notes
Turn   | Place    | Note
-------+----------+-------------------------------------------
     0 | D:1      | kae the Tengu Fire Elementalist began the quest for the Orb.
     0 | D:1      | Reached XP level 1. HP: 10/10 MP: 4/4
   139 | D:1      | Reached XP level 2. HP: 16/16 MP: 6/6
   486 | D:1      | Reached XP level 3. HP: 19/20 MP: 5/7
  1010 | D:2      | Learned a level 2 spell: Throw Flame
  1014 | D:2      | Learned a level 3 spell: Conjure Flame
  1024 | D:2      | Reached skill level 1 in Fighting
  1326 | D:2      | Reached XP level 4. HP: 17/25 MP: 4/8
  2125 | D:2      | Noticed Sigmund
  2436 | D:3      | Gained mutation: You can fly. [Tengu growth]
  2436 | D:3      | Reached XP level 5. HP: 14/29 MP: 3/9
  2995 | D:3      | Reached skill level 1 in Shields
  3070 | D:2      | Killed from afar by Sigmund

Vault maps used:
D:1:      minmay_arrival_five_plusses, grunt_decor_fettered
D:2:      uniq_sigmund

Skill      XL: |  1  2  3  4  5 |
---------------+----------------+-----
Conjurations   | 2 3 4 |  4.2
Fighting       | 1 |  1.7
Fire Magic     | 4 |  4.8
Shields        | 1 |  1.0
Dodging        | |  2.1
Stealth        | |  2.0
Spellcasting   | |  2.6

Action                   |  1- 3 |  4- 6 || total
-------------------------+-------+-------++-------
Melee: Spear             |    46 |    58 ||   104
       Peck              |     5 |     7 ||    12
       Unarmed           |     1 |       ||     1
       Kick              |     5 |     4 ||     9
 Cast: Flame Tongue      |    36 |    51 ||    87
       Throw Flame       |     2 |     6 ||     8
  Use: Scroll            |       |     7 ||     7
 Stab: Sleeping          |     5 |     2 ||     7
  Eat: Chunk             |     2 |     3 ||     5
       Ration            |       |     1 ||     1
Armor: Robe              |    19 |    22 ||    41
Dodge: Dodged            |    47 |    44 ||    91

Table legend:
 A = Spawn XP
 B = Non-spawn XP
 C = Spawn XP percentage of total XP
 D = Spawn monster count
 E = Non-spawn monster count
 F = Spawn count percentage of total count
 G = Total turns spent on level
                    A         B        C        D         E        F      G
               +---------+---------+-------+---------+---------+-------+---------
         Total |       0 |     294 |   0.0 |       0 |      70 |   0.0 |  3070
               +---------+---------+-------+---------+---------+-------+---------
           D:1 |       0 |      47 |   0.0 |       0 |      26 |   0.0 |  1002
           D:2 |       0 |     119 |   0.0 |       0 |      31 |   0.0 |  1379
           D:3 |       0 |     128 |   0.0 |       0 |      13 |   0.0 |   689
               +---------+---------+-------+---------+---------+-------+---------
